 Dungeon Crawl Stone Soup version 0.21-a0-265-gb353147 (webtiles) character file.

16 tidbits the Grave Robber (level 2, -2/20 HPs)
             Began as a Demigod Necromancer on Sept 11, 2017.
             Slain by a howler monkey (4 damage)
             ... on level 3 of the Dungeon.
             The game lasted 00:03:16 (421 turns).

tidbits the Grave Robber (Demigod Necromancer)       Turns: 421, Time: 00:03:16

Health: -2/20      AC:  3    Str: 11    XL:     2   Next: 24%
Magic:  2/7        EV: 12    Int: 19    God:
Gold:   106        SH:  0    Dex: 16    Spells: 3/5 levels left

rFire    . . .     SeeInvis .   a - +0 short sword
rCold    . . .     Gourm    .   (no shield)
rNeg     . . .     Faith    .   i - +0 robe
rPois    .         Spirit   .   E - +0 helmet
rElec    .         Reflect  .   (no cloak)
rCorr    .         Harm     .   (no gloves)
MR       .....                  (no boots)
Stlth    ++........             (no amulet)
HPRegen  0.06/turn              (no ring)
MPRegen  0.10/turn              (no ring)

@: flying, invisible
A: high mp 1
a: no special abilities


You were on level 3 of the Dungeon.
You were not hungry.

You visited 1 branch of the dungeon, and saw 3 of its levels.

You collected 106 gold pieces.

Inventory:

Hand Weapons
 a - a +0 short sword (weapon)
Missiles
 d - 43 stones (quivered)
 e - 22 arrows
 k - 17 sling bullets
Armour
 i - a +0 robe (worn)
 E - a +0 helmet (worn)
Scrolls
 h - 2 scrolls of teleportation
 m - a scroll of remove curse {unknown}
 n - a scroll of enchant weapon {unknown}
Potions
 g - 4 potions of curing
Books
 b - a book of Necromancy

   Spells                             Type                      Level
   a - Pain                           Necromancy                   1
   b - Animate Skeleton               Necromancy                   1
   c - Vampiric Draining              Necromancy                   3
   d - Regeneration                   Charms/Necromancy            3
   e - Animate Dead                   Necromancy                   4
   f - Control Undead                 Necromancy                   4
Comestibles
 c - a bread ration
 j - 3 royal jellies
 l - a chunk of flesh


   Skills:
 - Level 1.7 Dodging
 - Level 1.7 Stealth
 + Level 2.1 Spellcasting
 * Level 4.0 Necromancy


You had 3 spell levels left.
You knew the following spells:

 Your Spells              Type           Power        Failure   Level  Hunger
n - Animate Skeleton      Necr           N/A          3%          1    #......
z - Pain                  Necr           ###.         3%          1    #......


Dungeon Overview and Level Annotations

Branches:
Dungeon (3/15)


Innate Abilities, Weirdness & Mutations

You have an increased reservoir of magic. (+10% MP)


Message History

Confirm with . or Enter, or press ? or * to list all spells.
Aiming: Pain
Press: ? - help, Shift-Dir - straight line, f - worm
Aim: a worm (chance to defeat MR: 81%)
The worm writhes in agony!
Casting: Pain
Confirm with . or Enter, or press ? or * to list all spells.
Aiming: Pain
Press: ? - help, Shift-Dir - straight line, f/p - worm
Aim: a worm (moderately wounded, chance to defeat MR: 81%)
The worm writhes in agony!
Casting: Pain
Confirm with . or Enter, or press ? or * to list all spells.
Aiming: Pain
Press: ? - help, Shift-Dir - straight line, f/p - worm
Aim: a worm (heavily wounded, chance to defeat MR: 81%)
The worm writhes in agony!
Casting: Pain
Confirm with . or Enter, or press ? or * to list all spells.
Aiming: Pain
Press: ? - help, Shift-Dir - straight line, f/p - worm
Aim: a worm (almost dead, chance to defeat MR: 81%)
The worm writhes in agony!
Casting: Pain
Confirm with . or Enter, or press ? or * to list all spells.
Aiming: Pain
Press: ? - help, Shift-Dir - straight line, f/p - worm
Aim: a worm (almost dead, chance to defeat MR: 81%)
The worm writhes in agony!
You kill the worm!
Your Necromancy skill increases to level 4!
You see here a worm corpse.
You see here a worm corpse.
There is a stone staircase leading down here.
You climb downwards.
Found a puce potion.
There is a stone staircase leading up here.
Found a royal jelly.
o - a puce potion
j - 3 royal jellies (gained 1)
Found a scroll of identify.
Found a stone staircase leading down.
A bat comes into view.
Autopickup is now off.
You see here a scroll of identify.
As you read the scroll of identify, it crumbles to dust.
f - a potion of invisibility A howler monkey comes into view.
The howler monkey howls!
The howler monkey hoots and howls with incredible vigour!
Casting: Pain
Confirm with . or Enter, or press ? or * to list all spells.
Aiming: Pain
Press: ? - help, Shift-Dir - straight line, f - bat
Aim: a bat (chance to defeat MR: 87%)
The bat writhes in agony!
You kill the bat!
Casting: Pain
Confirm with . or Enter, or press ? or * to list all spells.
Aiming: Pain
Press: ? - help, Shift-Dir - straight line, f - howler monkey
Aim: a howler monkey (catching its breath, chance to defeat MR: 82%)
The howler monkey writhes in agony!
Casting: Pain
Confirm with . or Enter, or press ? or * to list all spells.
Aiming: Pain
Press: ? - help, Shift-Dir - straight line, f/p - howler monkey
Aim: a howler monkey (lightly wounded, catching its breath, chance to defeat MR: 82%)
The howler monkey writhes in agony!
Casting: Pain
Confirm with . or Enter, or press ? or * to list all spells.
Aiming: Pain
Press: ? - help, Shift-Dir - straight line, f/p - howler monkey
Aim: a howler monkey (moderately wounded, catching its breath, chance to defeat MR: 82%)
The howler monkey writhes in agony!
You hit the howler monkey.
The howler monkey is moderately wounded.
The howler monkey completely misses you.
Casting: Pain
Confirm with . or Enter, or press ? or * to list all spells.
Aiming: Pain
Press: ? - help, Shift-Dir - straight line, f/p - howler monkey
Aim: a howler monkey (moderately wounded, chance to defeat MR: 82%)
The howler monkey writhes in agony!
The howler monkey hits you but does no damage.
The howler monkey hoots and howls with incredible vigour!
You hear a shout!
You hear an angry hiss.
You hear a shout! x4
You hear an angry hiss. x2; You hear a shout! x3
The howler monkey misses you.
It was a potion of flight.
You feel very buoyant.
You fly up into the air.
The howler monkey barely misses you.
The howler monkey hoots and howls with incredible vigour!
You hear a shout!
You hear an angry hiss.
The howler monkey barely misses you. The howler monkey hits you.
* * * LOW HITPOINT WARNING * * *
You fade into invisibility!
The howler monkey hits you.
You die...

.......#...............
.......###.#...........
######## #.##...#......
#.##..........
#.##...#......
#.............
######.##....
#h#####..# #<@......#
########.#


You could see a howler monkey.

Vanquished Creatures
  A worm (D:2)
  A leopard gecko (D:2)
  A bat (D:3)
  2 giant cockroaches (D:1)
  2 hobgoblins (D:1)
  A quokka (D:2)
  A kobold (D:2)
  2 rats (D:1)
11 creatures vanquished.

Notes
Turn   | Place    | Note
-------+----------+-------------------------------------------
     0 | D:1      | tidbits the Demigod Necromancer began the quest for the Orb.
     0 | D:1      | Reached XP level 1. HP: 14/14 MP: 5/5
   175 | D:1      | Reached skill level 2 in Spellcasting
   194 | D:1      | Learned a level 1 spell: Animate Skeleton
   294 | D:2      | Reached XP level 2. HP: 11/20 MP: 1/7
   350 | D:2      | Reached skill level 4 in Necromancy
   390 | D:3      | Noticed a howler monkey
   420 | D:3      | HP: 2/20 [howler monkey (3)]
   421 | D:3      | Slain by a howler monkey

Vault maps used:
D:1:      scummos_arrival_forest, serial_aquarium, aquarium_bridge_square,
          aquarium_bridge_square, aquarium_window_fake, aquarium_window_1,
          aquarium_window_1, aquarium_window_2, aquarium_view_2c,
          aquarium_view_4
D:2:      wad_lake_hut

Skill      XL: |  1  2 |
---------------+-------+-----
Spellcasting   | 2 |  2.1
Necromancy     | 4 |  4.0
Dodging        | |  1.7
Stealth        | |  1.7

Action                   || total
-------------------------++-------
Melee: Short sword       ||     1
 Cast: Pain              ||    30
       Animate Skeleton  ||     1
  Use: Scroll            ||     3
       Potion            ||     2
Armor: Robe              ||     2
Dodge: Dodged            ||     7

Table legend:
 A = Spawn XP
 B = Non-spawn XP
 C = Spawn XP percentage of total XP
 D = Spawn monster count
 E = Non-spawn monster count
 F = Spawn count percentage of total count
 G = Total turns spent on level
                    A         B        C        D         E        F      G
               +---------+---------+-------+---------+---------+-------+---------
         Total |       0 |      23 |   0.0 |       0 |      11 |   0.0 |   421
               +---------+---------+-------+---------+---------+-------+---------
           D:1 |       0 |      10 |   0.0 |       0 |       6 |   0.0 |   283
           D:2 |       0 |      11 |   0.0 |       0 |       4 |   0.0 |    82
           D:3 |       0 |       2 |   0.0 |       0 |       1 |   0.0 |    56
               +---------+---------+-------+---------+---------+-------+---------

Table legend:
 A = Turns spent in this place as a percentage of turns spent in the entire game.
 B = Non-inter-level travel turns spent in this place as a percentage of non-inter-level travel turns spent in the entire game.
 C = Inter-level travel turns spent in this place as a percentage of turns spent in this place.
 D = Turns resting spent in this place as a percentage of non-inter-level travel turns spent in this place.
 E = Turns spent auto-exploring this place as a percentage of non-inter-level travel turns spent in this place.
 F = Non-inter-level travel turns spent in this place divided by the number of levels of this place that you've seen.
                   A       B       C       D       E      F
               +-------+-------+-------+-------+-------+----------------------
         Total | 100.0 | 100.0 |   0.0 |   0.0 |   0.0 | 140.3
       Dungeon | 100.0 | 100.0 |   0.0 |   0.0 |   0.0 | 140.3
               +-------+-------+-------+-------+-------+----------------------

Table legend:
 A = Kills in this place as a percentage of kills in entire the game.
 B = Kills by you in this place as a percentage of kills by you in the entire game.
 C = Kills by friends in this place as a percentage of kills by friends in the entire game.
 D = Other kills in this place as a percentage of other kills in the entire game.
 E = Experience gained in this place as a percentage of experience gained in the entire game.
 F = Experience gained in this place divided by the number of levels of this place that you have seen.
                   A       B       C       D       E      F
               +-------+-------+-------+-------+-------+----------------------
         Total | 100.0 | 100.0 |   N/A |   N/A | 100.0 |   7.7
       Dungeon | 100.0 | 100.0 |   N/A |   N/A | 100.0 |   7.7
               +-------+-------+-------+-------+-------+----------------------

Vault maps used:
D:1:      scummos_arrival_forest, serial_aquarium, aquarium_bridge_square,
          aquarium_bridge_square, aquarium_window_fake, aquarium_window_1,
          aquarium_window_1, aquarium_window_2, aquarium_view_2c,
          aquarium_view_4
D:2:      wad_lake_hut
